 Dungeon Sprint DCSS version 0.19.0-11-g3fc08b3 (webtiles) character file.

119 equalderp2856 the Gouger (level 4, -5/23 HPs)
             Began as a Felid Fighter on Nov 9, 2016.
             Slain by an orc warrior
             ... wielding a +0 flail
              (26 damage)
             ... in the Dungeon (Sprint VII: "The Pits").
             The game lasted 00:01:41 (708 turns).

equalderp2856 the Gouger (Felid Fighter)             Turns: 708, Time: 00:01:41

Health: -5/23      AC:  1    Str: 13    XL:     4   Next: 74%
Magic:  5/5        EV: 22    Int:  9    God:
Gold:   0          SH:  0    Dex: 15    Spells: 0 memorised, 3 levels left
                                        Lives:  0   Deaths: 1

rFire  . . .     SeeInvis +       - Unarmed
rCold  . . .     Gourm    .     (armour unavailable)
rNeg   . . .     Faith    .     (shield unavailable)
rPois  .         Spirit   .     (helmet unavailable)
rElec  .         Reflect  .     (cloak unavailable)
rCorr  .         Harm     .     (gloves unavailable)
MR     .....     NoTele   +     (boots unavailable)
Stlth  +++.......               (no amulet)
                                (no ring)
                                (no ring)

@: quick
A: no armour, no weapons or thrown items, stealth, claws 1, fangs 3, see
invisible, carnivore 3, speed 1, shaggy fur 1, slow metabolism 1, sharp paws
a: no special abilities


You were in the Dungeon.
You were not hungry.

You visited 1 branch

Inventory:

Scrolls
 h - a scroll of blinking
 j - 3 scrolls of remove curse
 k - 5 scrolls of amnesia
 l - a scroll of summoning
Potions
 a - a potion of might
 c - 5 potions of curing
 d - 6 potions of heal wounds
 e - a potion of haste
 f - 4 potions of magic
 g - 3 potions of berserk rage
 i - 2 potions of invisibility
Comestibles
 b - a meat ration


   Skills:
 + Level 5.0 Fighting
 + Level 7.4 Dodging
 + Level 3.8 Stealth
 + Level 9.1 Unarmed Combat


You had 3 spell levels left.
You didn't know any spells.

Dungeon Overview and Level Annotations

Branches:
Dungeon (1/1)

Altars:
Cheibriados
Dithmenos
Elyvilon
Fedhas
Gozag
Hepliaklqana
Kikubaaqudgha
Makhleb
Nemelex Xobeh
Okawaru
Qazlal
Ru
Sif Muna
Trog
Uskayaw
Vehumet
Yredelemnul
Zin
The Shining One
Beogh
Jiyva


Innate Abilities, Weirdness & Mutations

You cannot wear armour.
You are incapable of wielding weapons or throwing items.
Your paws allow you to move quietly. (Stealth)
You have sharp claws.
You have razor-sharp teeth.
You have supernaturally acute eyesight. (SInv)
You are carnivorous and can eat meat at any time.
You cover ground quickly.
You are covered in fur. (AC +1)
You have a slow metabolism.
Your sharp claws are effective at attacking unaware monsters.


Message History

There is an open door here.
You start resting.
A ball python comes into view.
You completely miss the ball python.
The ball python hisses angrily.
You bite the ball python.
The ball python is severely wounded.
The ball python misses you. The ball python completely misses you.
You closely miss the ball python.
The ball python is severely wounded.
The ball python completely misses you. x2
You scratch the ball python.
You kill the ball python!
You see here a ball python corpse.
You start resting.
An orc warrior comes into view. It is wielding a flail.
An orc comes into view.
The orc warrior hits you with a flail!!
Ouch! That really hurt!
You die...

##########
_________#
_________#
___#####'########
######)))#.##......
#%?(.')))'.##......
##########.##......
#.@.........'......
#o#####'#####......
#o#[[#.....##......
#)#))#####)#####'##
#.#))#.....##......
#÷#))#.....##......
#.#..###†####......
#.##'#.....##...<..
#.#........##......


You could see an orc warrior and an orc (wandering).

Vanquished Creatures
  A centaur (D)
  A bullfrog (D)
  An adder (D)
  2 adder zombies (D)
  A giant cockroach (D)
  A goblin (D)
  3 kobolds (D)
  A ball python (D)
  A frilled lizard (D)
12 creatures vanquished.

Notes
Turn   | Place    | Note
-------+----------+-------------------------------------------
     0 | D        | equalderp2856 the Felid Fighter began the quest for the Orb.
     0 | D        | Reached XP level 1. HP: 10/10 MP: 2/2
   283 | D        | Reached skill level 5 in Unarmed Combat
   283 | D        | Reached XP level 2. HP: 13/14 MP: 3/3
   309 | D        | Noticed a bullfrog
   317 | D        | Killed a bullfrog
   317 | D        | Reached skill level 7 in Unarmed Combat
   317 | D        | Reached XP level 3. HP: 12/18 MP: 4/4
   317 | D        | Reached XP level 4. HP: 14/22 MP: 5/5
   393 | D        | Found a radiant altar of Vehumet.
   393 | D        | Found a hide-covered altar of Uskayaw.
   393 | D        | Found an ancient bone altar of Kikubaaqudgha.
   393 | D        | Found a viscous altar of Jiyva.
   393 | D        | Found a hazy altar of Hepliaklqana.
   394 | D        | Found a bloodstained altar of Trog.
   394 | D        | Found a deep blue altar of Sif Muna.
   394 | D        | Found a sacrificial altar of Ru.
   394 | D        | Found a stormy altar of Qazlal.
   394 | D        | Found an iron altar of Okawaru.
   394 | D        | Found a sparkling altar of Nemelex Xobeh.
   394 | D        | Found an opulent altar of Gozag.
   394 | D        | Found a blossoming altar of Fedhas.
   394 | D        | Found a white marble altar of Elyvilon.
   394 | D        | Found a shadowy altar of Dithmenos.
   394 | D        | Found a snail-covered altar of Cheibriados.
   395 | D        | Found a glowing golden altar of the Shining One.
   395 | D        | Found a glowing silver altar of Zin.
   396 | D        | Found a burning altar of Makhleb.
   396 | D        | Found a basalt altar of Yredelemnul.
   396 | D        | Found a roughly hewn altar of Beogh.
   440 | D        | Noticed a centaur
   447 | D        | Shot with an arrow by a centaur
   448 | D        | Reached XP level 3. HP: -12/18 MP: 4/4
   489 | D        | Killed a centaur
   489 | D        | Reached skill level 5 in Fighting
   489 | D        | Reached skill level 9 in Unarmed Combat
   489 | D        | Reached XP level 4. HP: 6/23 MP: 5/5
   708 | D        | Noticed an orc warrior
   708 | D        | Slain by an orc warrior

Skill      XL: |  1  2  3 |
---------------+----------+-----
Unarmed Combat | 5 7 9 |  9.1
Fighting       | 4 5 |  5.0
Dodging        | 6 7 |  7.4
Stealth        | 2 3 |  3.8

Action                   |  1- 3 |  4- 6 || total
-------------------------+-------+-------++-------
Melee: Unarmed           |    42 |    19 ||    61
       Bite              |     5 |     1 ||     6
  Use: Potion            |       |     1 ||     1
 Stab: Sleeping          |     2 |       ||     2
Armor: Skin              |     1 |     1 ||     2
Dodge: Dodged            |    33 |    18 ||    51
